 Dungeon Crawl Stone Soup version 0.29-a0-757-g358383bc75 (webtiles) character file.

Game seed: 11254754936653362113

2527 Anon1729 the Nimble (level 9, -1/66 HPs)
             Began as a Merfolk Monk on June 30, 2022.
             Was a Priest of Hepliaklqana.
             Killed by divine providence
             ... invoked by an orc priest
              (12 damage)
             ... on level 7 of the Dungeon.
             The game lasted 00:09:54 (8307 turns).

Anon1729 the Nimble (Merfolk Monk)                  Turns: 8307, Time: 00:09:54

Health: -1/66      AC:  6    Str: 11    XL:     9   Next: 54%
Magic:  9/9        EV: 32    Int: 14    God:    Hepliaklqana [***...]
Gold:   507        SH:  0    Dex: 16    Spells: 8/8 levels left

rFire   . . .      SeeInvis .     - Unarmed
rCold   . . .      Faith    .   (no shield)
rNeg    . . .      Spirit   .   a - +0 robe
rPois   +          Reflect  .   t - +2 helmet
rElec   .          Harm     .   (no cloak)
rCorr   .          Rampage  .   (no gloves)
Will    .....                   i - +0 pair of boots
Stlth   ++++......              j - amulet of the acrobat
HPRegen 0.21/turn               l - ring of poison resistance
MPRegen 0.11/turn               k - +4 ring of slaying

@: acrobatic
A: reduced essence, (nimble swimmer 2), mertail
a: Renounce Religion, Recall Ancestor, Ancestor Identity, Transference


You were on level 7 of the Dungeon.
You worshipped Hepliaklqana.
Hepliaklqana was most pleased with you.
You visited 2 branches of the dungeon, and saw 8 of its levels.

You collected 507 gold pieces.

Inventory:

Hand Weapons
 C - the +8 short sword of Honour {venom, *Noise rPois Int+7 Stlth+}
   (You found it on level 6 of the Dungeon)

   It poisons the flesh of those it strikes.
   Int:       It affects your intelligence (+7).
   rPois:     It protects you from poison.
   *Noise:    It may make noises in combat.
   Stlth:     It makes you more stealthy.
Missiles
 r - 6 poisoned darts (quivered)
Armour
 a - a +0 robe (worn)
 i - a +0 pair of boots (worn)
 t - a +2 helmet (worn)
Jewellery
 j - an amulet of the acrobat (around neck)
 k - a +4 ring of slaying (right hand)
 l - a ring of poison resistance (left hand)
 D - an amulet of regeneration
Scrolls
 b - a scroll of amnesia {unknown}
 d - 2 scrolls of blinking
 e - 2 scrolls of enchant weapon
 g - 5 scrolls of enchant armour
 m - 2 scrolls of immolation
 o - a scroll of poison {unknown}
 p - 3 scrolls of noise
 s - 2 scrolls of silence {unknown}
 w - a scroll of torment {unknown}
 y - a scroll of magic mapping {unknown}
 A - 2 scrolls of fear {unknown}
 B - a scroll of identify
Potions
 c - 5 potions of curing
 f - 3 potions of lignification
 h - a potion of heal wounds
 n - a potion of haste {unknown}
 q - 2 potions of mutation {unknown}
 u - a potion of attraction {unknown}
 v - 2 potions of flight {unknown}
 x - 2 potions of resistance {unknown}
 z - a potion of degeneration {unknown}


   Skills:
 + Level 7.8 Fighting
 + Level 9.1 Dodging
 + Level 7.8 Stealth
 + Level 7.6 Unarmed Combat


You had 8 spell levels left.
You didn't know any spells.
Your spell library contained the following spells:

 Spells                   Type           Power      Damage    Failure   Level
 Beastly Appendage        Tmut           0%         N/A       28%         1
 Freeze                   Ice            0%         1d3       28%         1
 Necrotize                Necr           0%         1d4       28%         1
 Blink                    Tloc           0%         N/A       41%         2
 Wereblood                Tmut           0%         N/A       41%         2
 Frozen Ramparts          Ice            0%         1d2       65%         3
 Inner Flame              Hex/Fire       0%         N/A       65%         3
 Spider Form              Tmut/Pois      0%         N/A       65%         3
 Vampiric Draining        Necr           0%         2d6       65%         3
 Cause Fear               Hex            0%         N/A       96%         4
 Hailstorm                Conj/Ice       0%         3d3       96%         4
 Agony                    Necr           0%         N/A       100%        5
 Discord                  Hex            0%         N/A       100%        8


Dungeon Overview and Level Annotations

Branches:
Dungeon (7/15)             Temple (1/1) D:4

Altars:
Cheibriados
Dithmenos
Gozag
Hepliaklqana
Kikubaaqudgha
Makhleb
Okawaru
Qazlal
Sif Muna
Trog
Uskayaw
Vehumet
Wu Jian
Xom
Yredelemnul
The Shining One

Annotations:
D:5 4 runed translucent doors, gabibbone's ghost, novice OgIE


Innate Abilities, Weirdness & Mutations

Your life essence is reduced to manifest your ancestor. (-10% HP)
((You are very nimble when in or above water. (Stealth+, EV+, Speed+++)))
Your lower body shifts to a powerful aquatic tail in water.


Message History

Beogh smites you!
You punch the orc priest!
You kill the orc priest!
The orc wizard gestures wildly while chanting.
The orc wizard flickers and vanishes!
Deactivating autopickup; reactivate with Ctrl-A.
The orc priest mumbles some strange prayers to Beogh against you.
Beogh smites you!
An orc comes into view. It is wielding a +0 flail.
Something barely misses Æthelred. Æthelred hits something with a +0 dagger of draining! Æthelred hits something but does no damage.
You hear a croak.
You are too injured to fight recklessly!
You are too injured to fight recklessly!
You are too injured to fight recklessly!
An orc priest and a water moccasin come into view.
A magic dart appears from out of thin air!
The magic dart hits Æthelred.
The orc barely misses you. Æthelred misses something. Æthelred hits something with a +0 dagger of draining!
Reactivating autopickup.
You feel a bit more experienced. The orc attacks as you move away!
The orc hits you with a +0 dagger.
A bullfrog comes into view.
The orc priest looks satisfied for a moment. Æthelred completely misses the orc. Æthelred hits the orc with a +0 dagger of draining!
The orc dies!
The orc priest mumbles some strange prayers to Beogh against you.
Beogh smites you!
* * * LOW HITPOINT WARNING * * *
The orc priest closely misses Æthelred. Æthelred hits the orc priest with a +0 dagger of draining! Æthelred drains the orc priest. Æthelred hits the orc priest with a +0 dagger of draining.
The orc priest dies!
The orc priest mumbles some strange prayers to Beogh against you.
Beogh smites you!
You die...

###. #....
##..... #
....... #.
.......
#.###........
#...#........
#@.S....... #
##...o.<...
#.###...o......
#...)....F..###
#...R.).)......
..)..)#...####..
...####...# . ..
##.### # ####..#


You could see a water moccasin, a bullfrog, an orc priest and an orc.

Vanquished Creatures
  A water moccasin (D:6)
  Duvessa (D:3)
  3 black bears
  An ice beast (D:6)
  2 ogres (D:6)
  A phantom (D:4)
  A bullfrog (D:5)
  4 scorpions
  2 necrophages (D:4)
  3 wights (D:6)
  Dowan (D:3)
  2 vampire bats (D:6)
  4 hounds
  3 jellies
  4 orc priests
  Jessica (D:3)
  Natasha (twice) (D:3)
  2 iguanas
  7 orc wizards
  5 adders
  A white imp (D:5)
  An ufetubus (D:4)
  A worm (D:4)
  2 dart slugs
  16 orcs
  7 ball pythons
  2 bat skeletons (D:6)
  3 bat zombies (D:6)
  9 endoplasms
  2 giant cockroaches
  7 goblins
  9 hobgoblins
  10 jackals
  5 quokkas
  2 bats
  2 frilled lizards
  8 kobolds
  4 rats
141 creatures vanquished.

Vanquished Creatures (collateral kills)
  2 wights (D:6)
  2 orc priests
  An orc wizard (D:7)
  An orc (D:7)
6 creatures vanquished.

Grand Total: 147 creatures vanquished

Notes
Turn   | Place    | Note
-------+----------+-------------------------------------------
     0 | D:1      | Anon1729 the Merfolk Monk began the quest for the Orb.
     0 | D:1      | Reached XP level 1. HP: 18/18 MP: 1/1
   181 | D:1      | Reached XP level 2. HP: 13/24 MP: 2/2
  1044 | D:1      | Reached XP level 3. HP: 30/30 MP: 3/3
  1729 | D:2      | Reached XP level 4. HP: 21/37 MP: 4/4
  2412 | D:3      | Noticed Jessica
  2426 | D:3      | Killed Jessica
  2436 | D:3      | Got Jessica's Volume of Translocation
  2716 | D:3      | Noticed a scorpion
  2728 | D:3      | Killed a scorpion
  2729 | D:3      | Reached skill level 5 in Dodging
  2729 | D:3      | Reached XP level 5. HP: 32/43 MP: 5/5
  3008 | D:3      | Noticed Natasha
  3018 | D:3      | Killed Natasha
  3182 | D:3      | Noticed Natasha
  3194 | D:3      | Killed Natasha
  3442 | D:4      | Reached XP level 6. HP: 44/49 MP: 6/6
  3725 | D:4      | Noticed Dowan
  3784 | D:4      | Noticed Duvessa
  4065 | D:5      | Entered Level 5 of the Dungeon
  4135 | D:3      | Reached skill level 5 in Fighting
  4395 | D:3      | Killed Duvessa
  4396 | D:3      | Reached skill level 6 in Dodging
  4396 | D:3      | Reached skill level 5 in Unarmed Combat
  4396 | D:3      | Reached XP level 7. HP: 6/56 MP: 7/7
  4398 | D:3      | Killed Dowan
  4848 | D:4      | Found a staircase to the Ecumenical Temple.
  4910 | D:4      | Reached skill level 5 in Stealth
  5554 | Temple   | Entered the Ecumenical Temple
  5630 | Temple   | Became a worshipper of Hepliaklqana the Forgotten
  5630 | Temple   | Reached * piety under Hepliaklqana
  5630 | Temple   | Reached ** piety under Hepliaklqana
  5923 | D:5      | Reached XP level 8. HP: 57/57 MP: 8/8
  5936 | D:5      | Reached skill level 7 in Dodging
  6002 | D:5      | Found a runed translucent door.
  6006 | D:5      | Found a runed translucent door.
  6471 | D:5      | Found a shimmering blue altar of Sif Muna.
  6780 | D:5      | Found a large runed translucent door.
  6780 | D:5      | Found a large runed translucent door.
  6783 | D:5      | Noticed gabibbone's ghost (novice OgIE)
  6811 | D:5      | Found a burning altar of Makhleb.
  6813 | D:5      | Found a shadowy altar of Dithmenos.
  7029 | D:6      | Found an ancient bone altar of Kikubaaqudgha.
  7186 | D:6      | Reached skill level 8 in Dodging
  7376 | D:6      | Reached XP level 9. HP: 57/64 MP: 9/9
  7567 | D:6      | Remembered your ancestor Æthelred as a hexer
  7592 | D:6      | Identified the +8 short sword of Honour {venom, *Noise
                  | rPois Int+7 Stlth+}
  7985 | D:6      | Reached skill level 9 in Dodging
  8283 | D:7      | Reached *** piety under Hepliaklqana
  8307 | D:7      | Killed from afar by an orc priest

Illustrated notes

Levels and vault maps discovered:
D:1:      tarquinn_simple_flora_water_c, layout_basic, minmay_tetromino_t2
D:2:      layout_rooms
D:3:      layout_loops_corners, kennysheep_jessica_study, uniq_natasha
D:4:      layout_cave_pods, minmay_temple_entry_butterflies,
          grunt_ministairs_10, dk_noncrumbling_2, uniq_duvessa
D:5:      lemuel_insect_pit, layout_loops_ring,
          mainiacjoe_overflow_surrounded_room, jmf_multi_god_temple,
          ebering_ghost_disaster_area, minmay_misc_feat_ornament, st_stairs_13,
          nrook_uturn, grunt_ministairs_9
D:6:      layout_basic, kennysheep_vampire_church, minmay_misc_feat_more_columns
D:7:      layout_rooms, enter_ossuary_3
Temple:   nicolae_temple_x_marks_the_god

Skill      XL: |  1  2  3  4  5  6  7  8  9 |
---------------+----------------------------+-----
Stealth        | 3 4 5 6 7 |  7.8
Fighting       | 4 5 7 |  7.8
Unarmed Combat | 4 5 6 7 |  7.6
Dodging        | 5 6 8 9 |  9.1

Action                   |  1- 3 |  4- 6 |  7- 9 || total
-------------------------+-------+-------+-------++-------
Melee: Unarmed           |   209 |   138 |   238 ||   585
       Punch             |     5 |     4 |    11 ||    20
Invok: Recall Ancestor   |       |       |     1 ||     1
       Ancestor Life: He |       |       |     1 ||     1
  Use: Potion            |     1 |     5 |     1 ||     7
       Scroll            |       |     2 |     4 ||     6
 Stab: Sleeping          |     5 |     6 |    12 ||    23
       Distracted        |       |       |     3 ||     3
       Confused          |       |       |     4 ||     4
Armor: Robe              |    29 |    27 |    56 ||   112
       Skin              |       |     7 |     1 ||     8
Dodge: Dodged            |   164 |   108 |   175 ||   447

Table legend: (Time is in decaauts)
 A = Elapsed time spent in this place.
 B = Non-inter-level travel time spent in this place.
 C = Inter-level travel time spent in this place.
 D = Time resting spent in this place.
 E = Time spent auto-exploring this place.
 F = Levels seen in this place.
 G = Mean time per level.
                   A        B        C        D        E       F      G
               +--------+--------+--------+--------+--------+-----+--------+
         Total |   8261 |   7853 |    408 |   1346 |   5193 |   8 | 1032.6 |
       Dungeon |   8180 |   7777 |    403 |   1346 |   5133 |   7 | 1168.6 |
        Temple |     80 |     76 |      4 |      0 |     60 |   1 |   80.0 |
               +--------+--------+--------+--------+--------+-----+--------+

Top non-repeatable levels by time:
     D:3: 1799 daAuts
     D:4: 1632 daAuts
     D:1: 1375 daAuts
     D:6: 1301 daAuts
     D:5: 1123 daAuts
     D:2: 922 daAuts
  Temple: 80 daAuts
     D:7: 26 daAuts
